 Dungeon Crawl Stone Soup version 0.20-a0-1020-g7b9e4fe (webtiles) character file.

43 Cerepol the Cutter (level 3, -3/19 HPs)
             Began as a Vine Stalker Fighter on Apr 18, 2017.
             Slain by a worm (4 damage)
             ... on level 2 of the Dungeon.
             The game lasted 00:01:22 (1093 turns).

Cerepol the Cutter (Vine Stalker Fighter)           Turns: 1093, Time: 00:01:23

Health: -3/19      AC:  6    Str: 18    XL:     3   Next: 58%
Magic:  0/4        EV:  7    Int:  9    God:
Gold:   90         SH:  9    Dex: 13    Spells: 2/2 levels left

rFire    . . .     SeeInvis .   a - +0 rapier
rCold    . . .     Gourm    .   c - +0 shield
rNeg     . . .     Faith    .   b - +0 scale mail
rPois    .         Spirit   +   (no helmet)
rElec    .         Reflect  .   (no cloak)
rCorr    .         Harm     .   (no gloves)
MR       .....                  (no boots)
Stlth    ..........             (no amulet)
Regen    0.1/turn               (no ring)
MPRegen  0.1/turn               (no ring)

@: no status effects
A: fangs 2, magic shield, antimagic bite, no potion heal 3, rot immunity
a: no special abilities


You were on level 2 of the Dungeon.
You were not hungry.

You visited 1 branch of the dungeon, and saw 2 of its levels.

You collected 90 gold pieces.

Inventory:

Hand Weapons
 a - a +0 rapier (weapon)
Armour
 b - a +0 scale mail (worn)
 c - a +0 shield (worn)
Scrolls
 e - a scroll of amnesia {unknown}
 i - 2 scrolls of enchant weapon {unknown}
 k - 2 scrolls of immolation {unknown}
 m - a scroll of remove curse {unknown}
Potions
 d - a potion of might
 g - 2 potions of curing {unknown}
 l - a potion of degeneration {unknown}
Comestibles
 f - a bread ration
 h - 2 royal jellies
 j - 3 chunks of flesh


   Skills:
 - Level 2.6 Fighting
 + Level 3.4 Short Blades
 - Level 2.4 Armour
 - Level 2.6 Shields


You had 2 spell levels left.
You didn't know any spells.

Dungeon Overview and Level Annotations

Branches:
Dungeon (2/15)

Altars:


Innate Abilities, Weirdness & Mutations

You have extremely sharp teeth.
When hurt, damage is shared between your health and your magic reserves.
Your bite disrupts and absorbs the magic of your enemies.
Potions cannot restore your health.
You are immune to rotting.


Message History

Your shield prevents you from hitting the gnoll.
You block the gnoll's attack.
Your shield and scale mail prevent you from hitting the gnoll.
You bite the gnoll. You drain its power.
The gnoll is moderately wounded.
The worm bites you but does no damage. The gnoll hits you with a flail.
The gnoll closely misses you.
A frilled lizard comes into view.
The frilled lizard hisses angrily.
You hit the gnoll but do no damage. Your bite misses the gnoll.
The gnoll is moderately wounded.
The gnoll hits you but does no damage. The worm bites you!
The gnoll hits you but does no damage.
You hit the gnoll but do no damage.
The gnoll is moderately wounded.
The gnoll hits you with a flail!
* * * LOW HITPOINT WARNING * * *
The gnoll closely misses you. The worm bites you.
You die...

#...##.# #...##.# .# #
#...##.# .# ###...##.#
%# ..######.# .# #
#...##...# .###.#
###.#..### .l...
###.).## #######g)#
.....#### #....@.g.#
.###....#####.....w..#
####..............#
#######........#
#######..# .... ....#
....# ###


You could see a worm, 2 gnolls and a frilled lizard.

Vanquished Creatures
  An adder (D:2)
  An ooze (D:1)
  A worm (D:2)
  2 giant cockroaches (D:1)
  5 goblins
  7 hobgoblins
  2 kobolds (D:1)
  A quokka (D:2)
  A ball python (D:1)
  A bat (D:1)
  2 rats
24 creatures vanquished.

Notes
Turn   | Place    | Note
-------+----------+-------------------------------------------
     0 | D:1      | Cerepol the Vine Stalker Fighter began the quest for the Orb.
     0 | D:1      | Reached XP level 1. HP: 11/11 MP: 2/2
    26 | D:1      | Reached skill level 2 in Short Blades
   213 | D:1      | Reached XP level 2. HP: 16/16 MP: 3/3
   591 | D:1      | Reached skill level 3 in Short Blades
   757 | D:1      | Reached XP level 3. HP: 19/19 MP: 4/4
  1093 | D:2      | Slain by a worm

Vault maps used:
D:1:      eino_arrival_water_star, minmay_surrounded
D:2:      nicolae_qazlal_eye_of_the_storm, uniq_crazy_yiuf_cottage

Skill      XL: |  1  2 |
---------------+-------+-----
Short Blades   | 2 3 |  3.4
Fighting       | |  2.6
Armour         | |  2.4
Shields        | |  2.6

Action                   || total
-------------------------++-------
Melee: Rapier            ||    78
       Bite              ||    18
  Eat: Chunk             ||     1
Armor: Scale mail        ||    22
Dodge: Dodged            ||    21
Block: Shield            ||    39
